AoeStats
← xSTR8xGASx

Pilgrims

509529345Analyzed
2v2 RM · 5d ago on Sep 27, 2026· 38m 50s· 4 players
Game mode
Random Map
Map size
Medium (4 player)
Population
200
Speed
Normal
Resources
Standard
Victory
Conquest
Starting age
Dark Age
Ending age
Imperial Age
RankedLock teamsTeams togetherTeam positionsShared explorationLock speedFull tech treeHidden civsTurbo modeCheats
Victory
Defeat
🇨🇱 Franks · Chile
923
+14
903
+15
🇺🇸 Dravidians · United States
883
-15
🇺🇸 Cumans · United States
876
-14
xSTR8xGASx
10:39 Feudal Age
11:15 Double-Bit Axe
20:35 Castle Age
18:29 Gold Mining
20:40 Horse Collar
22:14 Wheelbarrow
23:08 Medium Warships
23:19 Pikeman
24:02 Scale Mail Armor
26:39 Bow Saw
27:17 Fletching
28:21 Stone Mining
28:33 Heavy Plow
29:02 Bodkin Arrow
29:44 Padded Archer Armor
32:23 Leather Archer Armor
32:39 Scale Barding Armor
32:50 Heated Shot
33:23 Ballistics
35:28 Chain Barding Armor
36:31 Forging
40:13 Imperial Age
38:00 Hand Cart
V1rus
4:58 Loom
11:37 Feudal Age
14:01 Double-Bit Axe
13:58 Horse Collar
15:18 Wheelbarrow
24:56 Castle Age
24:58 Pikeman
25:39 Squires
27:52 Forging
27:43 Scale Mail Armor
30:21 Capped Ram
33:53 Iron Casting
33:35 Chain Mail Armor
33:42 Man-at-Arms
Heartless Dreadking
6:32 Loom
10:16 Feudal Age
19:11 Castle Age
18:42 Fletching
20:07 Medium Warships
21:51 Forging
23:22 Squires
24:00 Iron Casting
23:47 Horse Collar
24:54 Scale Mail Armor
25:24 Ballistics
25:11 Siphons
28:24 Bodkin Arrow
30:12 Wheelbarrow
32:46 Imperial Age
33:07 Padded Archer Armor
34:09 Husbandry
35:28 Gambesons
39:07 Chemistry
38:36 Bracer
LordDolor
12:21 Feudal Age
16:44 Castle Age
15:46 Double-Bit Axe
15:57 Gold Mining
16:18 Fishing Lines
18:30 Husbandry
20:57 Wheelbarrow
20:07 Loom
23:35 Scale Barding Armor
23:41 Forging
23:22 Fletching
27:22 Hand Cart
32:28 Chain Barding Armor
34:48 Imperial Age
33:00 Iron Casting
34:13 Bodkin Arrow
35:18 Cavalier
38:20 Ordonnance Companies
Connection lost

Rejoining the realm…

Still unreachable

The connection could not be restored.

Session expired

The server has moved on; the page needs a fresh start.